 Dungeon Crawl Stone Soup version 0.27-a0-1325-g58a489ad9e (webtiles) character file.

Game seed: 12897638911469709228

77 Nattfarinn the Stinger (level 4, -2/30 HPs)
             Began as a Barachi Venom Mage on June 24, 2021.
             Slain by a water moccasin skeleton (6 damage)
             ... on level 2 of the Dungeon.
             The game lasted 00:04:51 (2109 turns).

Nattfarinn the Stinger (Barachi Venom Mage)         Turns: 2109, Time: 00:04:52

Health: -2/30      AC:  2    Str:  8 (9)  XL:     4   Next: 33%
Magic:  9/9        EV: 12    Int: 14 (16) God:
Gold:   117        SH:  0    Dex: 10 (13) Spells: 7/10 levels left

rFire    + . .     SeeInvis .   d - +2 mace (venom)
rCold    + . .     Faith    .   (no shield)
rNeg     . . .     Spirit   .   a - +0 robe
rPois    +         Reflect  .   (no helmet)
rElec    +         Harm     .   (no cloak)
rCorr    +         Rampage  .   (no gloves)
Will     .....                  (no boots)
Stlth    ++........             l - amulet of magic regeneration
HPRegen  0.10/turn              (no ring)
MPRegen  0.36/turn              (no ring)

@: resistant, attractive, hasted, quick
A: amphibious, slowness 1, strong legs 1, +LOS
a: Hop


You were on level 2 of the Dungeon.
You visited 1 branch of the dungeon, and saw 2 of its levels.

You collected 117 gold pieces.

Inventory:

Hand Weapons
 c - a +0 short sword
 d - a +2 mace of venom (weapon)
 m - a +0 club
Armour
 a - a +0 robe (worn)
Magical Staves
 e - a staff of fire
Jewellery
 l - an amulet of magic regeneration (around neck)
Scrolls
 b - 2 scrolls of identify {unknown}
 f - a scroll of enchant armour {unknown}
 h - a scroll of enchant weapon {unknown}


   Skills:
 - Level 2.1 Dodging
 - Level 1.7 Stealth
 * Level 3.9 Spellcasting
 - Level 1.1 Transmutations
 + Level 4.1 Poison Magic


You had 7 spell levels left.
You knew the following spells:

 Your Spells              Type           Power      Damage    Failure   Level
a - Sting                 Tmut/Pois      40%        1d5       7%          1
b - Poisonous Vapours     Pois/Air       16%        N/A       13%         2

Your spell library contained the following spells:

 Spells                   Type           Power      Damage    Failure   Level
 Ignite Poison            Fire/Tmut/Pois 7%         N/A       28%         3
 Mephitic Cloud           Conj/Pois/Air  6%         N/A       32%         3
 Olgreb's Toxic Radiance  Pois           14%        N/A       34%         4


Dungeon Overview and Level Annotations

Branches:
Dungeon (2/15)

Altars:


Innate Abilities, Weirdness & Mutations

You are amphibious.
You cover ground slowly.
You can hop short distances.
You have an extended range of vision and can be seen from far away.


Message History

Found an escape hatch in the floor.
The sting hits the water moccasin skeleton.
The water moccasin skeleton is lightly damaged.
The sting hits the water moccasin skeleton.
The water moccasin skeleton partially resists.
The water moccasin skeleton is lightly damaged.
You hit the water moccasin skeleton.
The water moccasin skeleton is lightly damaged.
The water moccasin skeleton bites you. x2
You sock the water moccasin skeleton!
The water moccasin skeleton is moderately damaged.
The water moccasin skeleton barely misses you.
The water moccasin skeleton bites you.
You hit the water moccasin skeleton but do no damage.
The water moccasin skeleton is moderately damaged.
The water moccasin skeleton bites you.
You are too injured to fight recklessly!
You are too injured to fight recklessly!
You are too injured to fight recklessly!
Okay, then.
It was a potion of attraction.
You feel attractive to monsters. The water moccasin skeleton bites you.
* * * LOW HITPOINT WARNING * * *
The water moccasin skeleton bites you.
* * * LOW HITPOINT WARNING * * *
It was a potion of degeneration.
There was something very wrong with that liquid.
You feel weakened.
You feel dopey.
You feel clumsy. The water moccasin skeleton bites you.
* * * LOW HITPOINT WARNING * * *
It was a potion of resistance.
You feel protected. The water moccasin skeleton bites you.
* * * LOW HITPOINT WARNING * * *
It was a potion of haste.
You feel yourself speed up. The water moccasin skeleton bites you.
You die...

###### ##
.....#####. .#
........... #.###
##.######## ....
#.# ... #.# ..
#.# ### ># #.#
##.##Z# ##.#
#.#.@.# #..#
##.#### #.## #.#
#.############.#
...............#
..#######...####
..######..#..##
.........###..#
#.#####.##)##.###


You could see a water moccasin skeleton.

Vanquished Creatures
  2 adders (D:2)
  A worm (D:2)
  A dart slug (D:1)
  2 bats (D:1)
  4 endoplasms
  3 giant cockroaches
  2 goblins
  10 jackals
  4 kobolds
  3 quokkas
  7 ball pythons
  5 frilled lizards
  5 rats
49 creatures vanquished.

Notes
Turn   | Place    | Note
-------+----------+-------------------------------------------
     0 | D:1      | Nattfarinn the Barachi Venom Mage began the quest for the
                  | Orb.
     0 | D:1      | Reached XP level 1. HP: 13/13 MP: 3/3
   138 | D:1      | Reached XP level 2. HP: 13/19 MP: 1/5
   554 | D:1      | Reached XP level 3. HP: 10/24 MP: 2/7
   773 | D:1      | Found a faded altar of an unknown god.
  1209 | D:1      | Learned a level 2 spell: Poisonous Vapours
  1311 | D:2      | HP: 1/24 [kobold (3)]
  1672 | D:2      | Reached skill level 4 in Poison Magic
  1826 | D:2      | Reached XP level 4. HP: 26/30 MP: 6/9
  2109 | D:2      | Slain by a water moccasin skeleton

Illustrated notes

Levels and vault maps discovered:
D:1:      lightli_arrival_quake, layout_rooms,
          hellmonk_ecumenical_altar_lost_god
D:2:      layout_loops_ring, roderic_roman_lattice,
          minmay_fractal_squares_gapless_5

Skill      XL: |  1  2  3 |
---------------+----------+-----
Spellcasting   | 3 |  3.9
Poison Magic   | 4 |  4.1
Dodging        | |  2.1
Stealth        | |  1.7
Transmutations | |  1.1

Action                   |  1- 3 |  4- 6 || total
-------------------------+-------+-------++-------
Melee: Short sword       |    38 |       ||    38
       Unarmed           |     1 |       ||     1
       Mace              |    45 |     3 ||    48
 Cast: Sting             |    43 |    13 ||    56
 Abil: Hop               |     1 |       ||     1
  Use: Potion            |     1 |     4 ||     5
 Stab: Sleeping          |     1 |       ||     1
Armor: Robe              |    20 |     4 ||    24
Dodge: Dodged            |    92 |     6 ||    98

Table legend: (Time is in decaauts)
 A = Elapsed time spent in this place.
 B = Non-inter-level travel time spent in this place.
 C = Inter-level travel time spent in this place.
 D = Time resting spent in this place.
 E = Time spent auto-exploring this place.
 F = Levels seen in this place.
 G = Mean time per level.
                   A        B        C        D        E       F      G
               +--------+--------+--------+--------+--------+-----+--------+
         Total |   2248 |   2220 |     28 |    973 |    846 |   2 | 1124.0 |
       Dungeon |   2248 |   2220 |     28 |    973 |    846 |   2 | 1124.0 |
               +--------+--------+--------+--------+--------+-----+--------+

Top non-repeatable levels by time:
     D:1: 1302 daAuts
     D:2: 945 daAuts
